 Dungeon Crawl Stone Soup version 0.26-a0-215-g1b87330c0f (webtiles) character file.

Game seed: 15022211059685674484

534 Ijustatesigmund the Chopper (level 7, -1/50 HPs)
             Began as an Octopode Gladiator on July 6, 2020.
             Slain by a sky beast (3 damage)
             ... on level 5 of the Dungeon.
             The game lasted 00:07:28 (4258 turns).

Ijustatesigmund the Chopper (Octopode Gladiator)    Turns: 4258, Time: 00:07:29

Health: -1/50      AC:  1    Str: 14    XL:     7   Next: 25%
Magic:  0/7        EV: 14    Int: 12    God:
Gold:   222        SH:  0    Dex: 15    Spells: 6/6 levels left

rFire    . . .     SeeInvis .   a - +1 war axe
rCold    . . .     Faith    .   (no shield)
rNeg     . . .     Spirit   +   b - +0 hat
rPois    +         Reflect  .   p - amulet of guardian spirit
rElec    .         Harm     .   g - ring of poison resistance
rCorr    .                      (no ring)
MR       .....                  (no ring)
Stlth    ++........             (no ring)
HPRegen  0.16/turn              (no ring)
MPRegen  0.10/turn              (no ring)
                                (no ring)
                                (no ring)

@: no status effects
A: almost no armour, stealthy swim, amphibious, 8 rings, constrict 8, camouflage
1, agile 1, gelatinous body 1, evolution 1, no potion heal 1
a: no special abilities


You were on level 5 of the Dungeon.
You were not hungry.

You visited 1 branch of the dungeon, and saw 5 of its levels.

You collected 222 gold pieces.

Inventory:

Hand Weapons
 a - a +1 war axe (weapon)
 m - a +2 vorpal hand axe
Missiles
 c - 5 curare-tipped darts (quivered)
 l - 8 javelins
Armour
 b - a +0 hat (worn)
Jewellery
 g - a ring of poison resistance (left tentacle)
 p - an amulet of guardian spirit (around mantle)
Scrolls
 h - 2 scrolls of immolation
 k - 4 scrolls of remove curse
 n - a scroll of amnesia
 o - a scroll of identify
 q - a scroll of fear {unknown}
Potions
 e - a potion of flight
 i - a potion of cancellation
 j - a potion of ambrosia
Comestibles
 d - 4 rations


   Skills:
 + Level 5.5 Fighting
 + Level 6.0 Axes
 - Level 2.0 Throwing
 + Level 3.1 Dodging


You had 6 spell levels left.
You didn't know any spells.
Your spell library was empty.

Dungeon Overview and Level Annotations

Branches:
Dungeon (5/15)
 Temple: D:4-7

Altars:
Ashenzari


Innate Abilities, Weirdness & Mutations

You cannot wear most types of armour.
You are very stealthy in the water. (Stealth+)
You are amphibious.
You can wear up to eight rings at the same time.
You can use your tentacles to constrict eight enemies at once.
Your skin changes colour to match your surroundings (Stealth+).
Your rubbery body absorbs attacks. (AC +1, EV +1)
You are agile. (Dex +2)
You evolve.
Potions are less effective at restoring your health.


Message History

* * * LOW HITPOINT WARNING * * *
The sky beast hits you.
* * * LOW HITPOINT WARNING * * *
The sky beast shocks you.
* * * LOW HITPOINT WARNING * * *
Your system partially rejects the healing.
You feel better. The sky beast barely misses you.
You aren't carrying any items that you can evoke.
Unknown command.
Okay, then.
You hit the sky beast. Your squeeze misses the sky beast.
The sky beast is moderately wounded.
The sky beast hits you.
* * * LOW HITPOINT WARNING * * *
The sky beast shocks you.
* * * LOW HITPOINT WARNING * * *
You slash the sky beast! Your squeeze misses the sky beast.
The sky beast is severely wounded.
The sky beast hits you.
You die...

#.....
#....###+##
#....##...#
#.^..##...#
#....##...#
#....##..#
##'####....##<.#
...........Y@..#
...............#
.....#.######.##
...# ## #.# ..
... .... .....
...##..


You could see a sky beast.

Vanquished Creatures
  A phantom (D:4)
  An ogre (D:4)
  2 scorpions
  A hound (D:4)
  A worker ant (D:4)
  4 adders
  7 gnolls
  An ufetubus (D:5)
  An ooze (D:3)
  A worm (D:2)
  4 dart slugs
  A leopard gecko (D:4)
  12 orcs
  A ball python (D:1)
  4 giant cockroaches
  3 goblins (D:1)
  2 hobgoblins
  13 jackals
  4 bats
  5 frilled lizards
  6 kobolds
  5 rats
80 creatures vanquished.

Vanquished Creatures (others)
  A plant (D:2)
1 creature vanquished.

Grand Total: 81 creatures vanquished

Notes
Turn   | Place    | Note
-------+----------+-------------------------------------------
     0 | D:1      | Ijustatesigmund the Octopode Gladiator began the quest for
                  | the Orb.
     0 | D:1      | Reached XP level 1. HP: 14/14 MP: 1/1
   207 | D:1      | Reached XP level 2. HP: 20/20 MP: 2/2
   559 | D:1      | Reached XP level 3. HP: 21/25 MP: 3/3
  1197 | D:2      | Found a shattered altar of Ashenzari.
  1201 | D:2      | Saw a vision of the Swamp and the Spider Nest.
  1201 | D:2      | Noticed a scorpion
  1201 | D:2      | Noticed a redback
  1201 | D:2      | Noticed a wolf spider
  1201 | D:2      | Noticed a redback
  1201 | D:2      | Noticed a redback
  1204 | D:2      | Noticed a water moccasin
  1205 | D:2      | Noticed an alligator
  1454 | D:2      | Reached skill level 4 in Axes
  1454 | D:2      | Reached XP level 4. HP: 31/31 MP: 4/4
  1987 | D:3      | Reached XP level 5. HP: 37/37 MP: 5/5
  1995 | D:3      | Gained mutation: Potions are less effective at restoring
                  | your health. [potion of mutation]
  1995 | D:3      | Gained mutation: You are agile. (Dex +2) [potion of
                  | mutation]
  1995 | D:3      | Gained mutation: You evolve. [potion of mutation]
  2961 | D:4      | Reached skill level 5 in Axes
  2972 | D:4      | Reached XP level 6. HP: 41/44 MP: 6/6
  3512 | D:4      | Reached skill level 5 in Fighting
  3876 | D:4      | Noticed a phantom
  3908 | D:4      | Killed a phantom
  3908 | D:4      | Reached skill level 6 in Axes
  3908 | D:4      | Reached XP level 7. HP: 29/50 MP: 5/7
  4053 | D:5      | Entered Level 5 of the Dungeon
  4257 | D:5      | HP: 1/50 [sky beast (6)]
  4258 | D:5      | Slain by a sky beast

Illustrated notes

Levels and vault maps discovered:
D:1:      heliophobic_arrival_glass_houses, layout_basic
D:2:      layout_basic, first_ration, grunt_ashenzari_visionary
          [grunt_ashenzari_visionary_swamp, grunt_ashenzari_visionary_spider]
D:3:      layout_basic
D:4:      layout_loops_cross, minmay_misc_feat_diagonals
D:5:      cheibrodos_fzero, layout_gridville, kennysheep_generic_room_8

Skill      XL: |  1  2  3  4  5  6 |
---------------+-------------------+-----
Fighting       | 3 4 5 |  5.5
Axes           | 4 5 6 |  6.0
Throwing       | |  2.0
Dodging        | |  3.1

Action                   |  1- 3 |  4- 6 |  7- 9 || total
-------------------------+-------+-------+-------++-------
Melee: War axe           |    57 |    86 |    15 ||   158
       Constrict         |    15 |    17 |     4 ||    36
       Tentacles         |     9 |    21 |     4 ||    34
Throw: Dart              |       |     7 |       ||     7
       Throwing net      |       |     3 |       ||     3
  Use: Scroll            |     3 |     8 |       ||    11
       Potion            |       |     3 |     1 ||     4
 Stab: Sleeping          |     8 |     1 |       ||     9
  Eat: Ration            |     1 |     2 |       ||     3
Armor: Skin              |     4 |    10 |       ||    14
Dodge: Dodged            |    40 |   104 |    10 ||   154

Table legend:
 A = Non-vault XP
 B = Vault XP
 C = Vault XP percentage of total XP
 D = Non-vault monster count
 E = Vault monster count
 F = Vault count percentage of total count
                 A         B        C        D         E       F
            +---------+---------+-------+---------+---------+-------
      Total |     764 |       0 |   0.0 |      80 |       0 |   0.0
            +---------+---------+-------+---------+---------+-------
        D:1 |      48 |       0 |   0.0 |      27 |       0 |   0.0
        D:2 |     106 |       0 |   0.0 |      17 |       0 |   0.0
        D:3 |     116 |       0 |   0.0 |      14 |       0 |   0.0
        D:4 |     458 |       0 |   0.0 |      19 |       0 |   0.0
        D:5 |      36 |       0 |   0.0 |       3 |       0 |   0.0
            +---------+---------+-------+---------+---------+-------
